 Dungeon Crawl Stone Soup version 0.31-a0-1376-g36f0627844 (webtiles) character file.

Game seed: 15852961708130032283

109 Descartes the Digger (level 5, -1/35 HPs)
             Began as a Formicid Earth Elementalist on Dec 24, 2023.
             Was a Believer of Cheibriados.
             Slain by an orc
             ... wielding a +0 flail
              (10 damage)
             ... on level 3 of the Dungeon.
             The game lasted 00:05:28 (2592 turns).

Descartes the Digger (Formicid Earth Elementalist)  Turns: 2592, Time: 00:05:28

Health: -1/35      AC:  2    Str: 17    XL:     5   Next: 13%
Magic:  2/10       EV: 12    Int: 20    God:    Cheibriados [**....]
Gold:   51         SH:  0    Dex: 21    Spells: 10/11 levels left

rFire   . . .        l - +0 war axe (vamp)
rCold   . . .        (no shield)
rNeg    . . .        a - +0 robe
rPois   .            (helmet unavailable)
rElec   .            (no cloak)
rCorr   .            (no gloves)
SInv    +            (no boots)
Will    .....        (no amulet)
Stlth   ++           (no ring)
HPRegen 0.25/turn    (no ring)
MPRegen 0.12/turn

%: no passive effects
@: very slow
A: permanent stasis, dig shafts and tunnels, antennae 3, four strong arms
a: Dig, Shaft Self, Renounce Religion, Bend Time


You were on level 3 of the Dungeon.
You worshipped Cheibriados.
Cheibriados was pleased with you.
You visited 1 branch of the dungeon, and saw 3 of its levels.

You collected 79 gold pieces.
You spent 28 gold pieces at shops.

Inventory:

Hand Weapons
 h - a +0 short sword
 l - a +0 vampiric war axe (weapon)
Armour
 a - a +0 robe (worn)
Jewellery
 m - a ring of willpower
Wands
 n - a wand of digging (4)
Scrolls
 d - 2 scrolls of identify
 e - 2 scrolls of enchant armour {unknown}
 i - a scroll of enchant weapon {unknown}
 k - a scroll of fog {unknown}
Potions
 b - a potion of magic
 c - 2 potions of curing {unknown}
 f - a potion of haste {unknown}
 g - a potion of heal wounds {unknown}
 j - a potion of attraction {unknown}


   Skills:
 - Level 1.7 Dodging
 - Level 2.4 Stealth
 + Level 3.8 Spellcasting
 + Level 5.3 Earth Magic
 - Level 1.3 Alchemy


You had 10 spell levels left.
You knew the following spells:

 Your Spells              Type           Power      Damage    Failure   Level
a - Sandblast             Erth           50%        2d12      1%          1

Your spell library contained the following spells:

 Spells                   Type           Power      Damage    Failure   Level
 Passwall                 Alch/Erth      14%        N/A       4%          2
 Stone Arrow              Conj/Erth      28%        3d8       13%         3
 Static Discharge         Conj/Air       6%         3-4/arc   21%         2
 Sublimation of Blood     Necr           3%         N/A       21%         2
 Petrify                  Alch/Erth      17%        N/A       32%         4
 Brom's Barrelling Bould  Conj/Erth      14%        2d4       41%         4
 Airstrike                Air            1%         2d(1-17)  78%         4
 Summon Lightning Spire   Summ/Air       3%         N/A       78%         4
 Irradiate                Conj/Alch      3%         3d12      95%         5


Dungeon Overview and Level Annotations

Branches:
Dungeon (3/15)

Altars:
Cheibriados

Shops:
D:2 *


Innate Abilities, Weirdness & Mutations

You cannot be hasted, slowed, berserked, paralysed or teleported.
You can dig through walls and to a lower floor.
You have a pair of large antennae on your head. (SInv)
Your four strong arms can wield two-handed weapons with a shield.


Message History

Aiming: Sandblast (safe; 1% risk of failure)
Press: ? - help, Shift-Dir - straight line, f/p - orc
Aim: an orc, wielding a +0 flail and wearing a +0 chain mail (87% to hit)
The blast of sand hits the orc but does no damage.
The orc hits you with a +0 flail.
Casting: Sandblast (safe; 1% risk of failure)
Confirm with . or Enter, or press ? or * to list all spells.
Aiming: Sandblast (safe; 1% risk of failure)
Press: ? - help, Shift-Dir - straight line, f/p - orc
Aim: an orc, wielding a +0 flail and wearing a +0 chain mail (87% to hit)
The blast of sand hits the orc but does no damage.
The orc hits you with a +0 flail! The orc hits you with a +0 flail.
Casting: Sandblast (safe; 1% risk of failure)
Confirm with . or Enter, or press ? or * to list all spells.
Aiming: Sandblast (safe; 1% risk of failure)
Press: ? - help, Shift-Dir - straight line, f/p - orc
Aim: an orc, wielding a +0 flail and wearing a +0 chain mail (87% to hit)
The blast of sand hits the orc but does no damage.
The orc barely misses you.
Casting: Sandblast (safe; 1% risk of failure)
Confirm with . or Enter, or press ? or * to list all spells.
Aiming: Sandblast (safe; 1% risk of failure)
Press: ? - help, Shift-Dir - straight line, f/p - orc
Aim: an orc, wielding a +0 flail and wearing a +0 chain mail (87% to hit)
The blast of sand hits the orc.
The orc is severely wounded.
The orc hits you with a +0 flail.
* * * LOW HITPOINT WARNING * * *
The orc closely misses you.
You hit the orc but do no damage.
The orc is severely wounded.
The orc closely misses you.
You hit the orc but do no damage.
The orc is severely wounded.
The orc completely misses you. The orc hits you with a +0 flail.
* * * LOW HITPOINT WARNING * * *
You barely miss the orc.
The orc is severely wounded.
The orc hits you with a +0 flail!
You die...

#.####.#####.##.##
#..........).....#
###############..#
#..# #..# ### #..#
#. ##.###..#
##...####.......#
.......@.......##
.......o##.##..#
........##.##..#
##...#.###.##..#
#...#. #.##..# #..
#. ..##..# ## #.
.###..# #. . ..#
#.


You could see an orc.

Vanquished Creatures
  An orc wizard (D:3)
  2 adders (D:3)
  A worm (D:2)
  4 orcs (D:3)
  7 bats
  7 endoplasms
  3 giant cockroaches (D:1)
  6 goblins
  A hobgoblin (D:3)
  2 jackals (D:3)
  4 kobolds
  5 quokkas
  2 ball pythons
  5 frilled lizards
  6 rats
56 creatures vanquished.

Notes
Turn   | Place    | Note
-------+----------+-------------------------------------------
     0 | D:1      | Descartes the Formicid Earth Elementalist began the quest
                  | for the Orb.
     0 | D:1      | Reached XP level 1. HP: 13/13 MP: 3/3
   166 | D:1      | Reached XP level 2. HP: 19/19 MP: 3/5
   279 | D:1      | Reached skill level 4 in Earth Magic
   894 | D:1      | Reached XP level 3. HP: 24/24 MP: 4/7
  1222 | D:2      | Found a faded altar of an unknown god.
  1227 | D:2      | Prayed at the altar of an unknown god.
  1227 | D:2      | Became a worshipper of Cheibriados the Contemplative
  1227 | D:2      | Reached * piety under Cheibriados
  1661 | D:2      | Found Baloit's General Store.
  1669 | D:2      | Bought a scroll of identify for 28 gold pieces
  2270 | D:3      | Reached ** piety under Cheibriados
  2326 | D:3      | Reached XP level 4. HP: 30/30 MP: 6/8
  2383 | D:3      | Reached skill level 5 in Earth Magic
  2509 | D:3      | Reached XP level 5. HP: 30/35 MP: 4/10
  2592 | D:3      | Slain by an orc

Illustrated notes

Levels and vault maps discovered:
D:1:      dpeg_arrival_stone_temple_mockup, layout_basic
D:2:      layout_basic, nicolae_ecumenical_oubliette, serial_shops, shop
D:3:      layout_loops_ring

Skill      XL: |  1  2  3  4 |
---------------+-------------+-----
Earth Magic    | 4 5 |  5.3
Spellcasting   | 3 |  3.8
Dodging        | |  1.7
Stealth        | |  2.4
Alchemy        | |  1.3

Action                     |  1- 3 |  4- 6 || total
---------------------------+-------+-------++-------
  Melee: War axe           |       |     8 ||     8
   Cast: Sandblast         |    61 |    30 ||    91
    Use: Scroll            |     1 |       ||     1
 Armour: Robe              |    16 |    18 ||    34
  Dodge: Dodged            |     9 |    16 ||    25

Table legend: (Time is in decaauts)
 A = Elapsed time spent in this place.
 B = Non-inter-level travel time spent in this place.
 C = Inter-level travel time spent in this place.
 D = Time resting spent in this place.
 E = Time spent auto-exploring this place.
 F = Levels seen in this place.
 G = Mean time per level.
                   A        B        C        D        E       F      G
               +--------+--------+--------+--------+--------+-----+--------+
         Total |   3016 |   2873 |    143 |      0 |   2492 |   3 | 1005.3 |
       Dungeon |   3016 |   2873 |    143 |      0 |   2492 |   3 | 1005.3 |
               +--------+--------+--------+--------+--------+-----+--------+

Top non-repeatable levels by time:
     D:2: 1310 daAuts
     D:1: 1289 daAuts
     D:3: 417 daAuts
